 Dungeon Crawl Stone Soup version 0.31-a0-879-g1609e0ac53 (webtiles) character file.

Game seed: 15498910477513743671

36 Kurtz the Sneak (level 3, -1/34 HPs)
             Began as a Naga Delver on Oct 14, 2023.
             Slain by a goblin
             ... wielding a +0 whip
              (4 damage)
             ... on level 1 of the Dungeon.
             The game lasted 00:01:06 (399 turns).

Kurtz the Sneak (Naga Delver)                        Turns: 399, Time: 00:01:07

Health: -1/34      AC:  6    Str: 16    XL:     3   Next: 37%
Magic:  0/3        EV:  2    Int: 10    God:
Gold:   0          SH:  0    Dex: 12    Spells: 2/2 levels left

rFire   . . .        a - +0 hand axe
rCold   . . .        (no shield)
rNeg    . . .        e - +0 plate armour
rPois   +            (no helmet)
rElec   .            (no cloak)
rCorr   .            (no gloves)
SInv    +            (no barding)
Will    .....        h - amulet of guardian spirit Stlth
                     (no ring)
HPRegen 0.25/turn    (no ring)
MPRegen 0.08/turn

%: guardian spirit
@: very slow
A: AC +1, large, see invisible, deformed body, poison resistance, slowness 2,
spit poison 1, naga tail 1
a: Spit Poison


You were on level 1 of the Dungeon.
You visited 1 branch of the dungeon, and saw 5 of its levels.

Inventory:

Hand Weapons
 a - a +0 hand axe (weapon)
Armour
 b - a +0 leather armour
 e - a +0 plate armour (worn)
Jewellery
 h - an amulet of guardian spirit (around neck)
Wands
 g - a wand of digging (3)
Scrolls
 c - a scroll of fog
 d - a scroll of revelation
Potions
 f - a potion of haste


   Skills:
 - Level 3.0 Fighting
 * Level 3.7 Axes
 - Level 1.5 Dodging
 - Level 7.2 Stealth


You had 2 spell levels left.
You didn't know any spells.
Your spell library was empty.

Dungeon Overview and Level Annotations

Branches:
Dungeon (5/15)
 Temple: D:4-7

Altars:


Innate Abilities, Weirdness & Mutations

Your serpentine skin is tough. (AC +1)
You have supernaturally acute eyesight. (SInv)
Armour fits poorly on your strangely shaped body.
Your system is resistant to poisons. (rPois)
You cover ground very slowly.
You can spit poison.
You have a snake-like lower body.


Message History

You hit the bat. The bat hits you but does no damage.
The bat hits you but does no damage.
You hit the bat but do no damage.
The bat is severely wounded.
The bat barely misses you.
You hit the bat.
You kill the bat!
You start resting.
Magic restored.
You start resting.
A goblin comes into view. It is wielding a +0 whip.
The goblin shouts!
You hear an angry hiss.
You hear a shout!
A goblin is nearby!
Found a sapphire potion.
The goblin hits you but does no damage.
You closely miss the goblin. The goblin hits you but does no damage.
The goblin hits you with a +0 whip.
* * * LOW HITPOINT WARNING * * *
You hit the goblin but do no damage. The goblin hits you but does no damage.
You hit the goblin.
The goblin is severely wounded.
A ball python comes into view.
The goblin hits you but does no damage.
The ball python hisses angrily.
You hit the goblin but do no damage.
The goblin is severely wounded.
The goblin hits you with a +0 whip.
* * * LOW HITPOINT WARNING * * *
You barely miss the goblin.
The goblin is severely wounded.
You hit the ball python.
You kill the ball python!
The goblin barely misses you.
You miss the goblin.
The goblin is severely wounded.
The goblin hits you with a +0 whip.
* * * LOW HITPOINT WARNING * * *
You completely miss the goblin.
The goblin is severely wounded.
The goblin hits you with a +0 whip.
You die...

#.[.#.†..#...
#############...#....#...
+...............'....'...
#..........######....#...
#.....?....### ######...
.#............# #...
#.....)......#.###
#####...
.........).†.......!
.......>
.........#..@g...#..
#+####..
###......#.†#(....... #..
#......#..####..##. #..
........#.††.# #.# ...
.....##.#)).## ## ....
... #....#.)..? ....
#.....###$## .....
#.##..# # ... #.##


You could see a goblin.

Vanquished Creatures
  2 dart slugs (D:1)
  2 endoplasms
  2 goblins
  A hobgoblin (D:1)
  8 jackals
  A quokka (D:1)
  4 ball pythons (D:1)
  2 bats (D:1)
  A frilled lizard (D:2)
  3 kobolds (D:1)
  2 rats
28 creatures vanquished.

Notes
Turn   | Place    | Note
-------+----------+-------------------------------------------
     0 | D:5      | Kurtz the Naga Delver began the quest for the Orb.
     0 | D:5      | Reached XP level 1. HP: 21/21 MP: 1/1
    17 | D:5      | Noticed a jelly
   106 | D:2      | Reached XP level 2. HP: 10/28 MP: 2/2
   352 | D:1      | Reached XP level 3. HP: 11/34 MP: 1/3
   399 | D:1      | Slain by a goblin

Illustrated notes

Levels and vault maps discovered:
D:1:      minmay_arrival_five_plusses, layout_basic, minmay_octomino_j4
D:2:      layout_basic, uniq_sigmund
D:3:      layout_loops_cross, nicolae_uskayaw_suspiria
D:4:      minmay_door_path, layout_gridville,
          minmay_temple_entry_gardened_gates, uniq_ijyb
D:5:      layout_loops_cross, lemuel_mausoleum_altar_yredelemnul

Skill      XL: |  1  2 |
---------------+-------+-----
Axes           | 3 |  3.7
Fighting       | |  3.0
Dodging        | |  1.5
Stealth        | |  7.2

Action                     || total
---------------------------++-------
  Melee: Hand axe          ||    89
         Punch             ||     2
    Use: Scroll            ||     1
   Stab: Sleeping          ||     3
 Armour: Leather armour    ||    25
         Plate armour      ||   102
  Dodge: Dodged            ||    28

Table legend: (Time is in decaauts)
 A = Elapsed time spent in this place.
 B = Non-inter-level travel time spent in this place.
 C = Inter-level travel time spent in this place.
 D = Time resting spent in this place.
 E = Time spent auto-exploring this place.
 F = Levels seen in this place.
 G = Mean time per level.
                   A        B        C        D        E       F      G
               +--------+--------+--------+--------+--------+-----+--------+
         Total |    460 |    453 |      7 |    108 |     84 |   5 |   92.0 |
       Dungeon |    460 |    453 |      7 |    108 |     84 |   5 |   92.0 |
               +--------+--------+--------+--------+--------+-----+--------+

Top non-repeatable levels by time:
     D:1: 233 daAuts
     D:2: 169 daAuts
     D:5: 32 daAuts
     D:3: 12 daAuts
     D:4: 12 daAuts
